 Dungeon Crawl Stone Soup version 0.21-a0-498-g1b60429 (webtiles) character file.

3 Goblin1989 the Sneak (level 1, -1/13 HPs)
             Began as a Human Enchanter on Nov 24, 2017.
             Slain by a leopard gecko (4 damage)
             ... on level 1 of the Dungeon.
             The game lasted 00:02:01 (34 turns).

Goblin1989 the Sneak (Human Enchanter)                Turns: 34, Time: 00:02:02

Health: -1/13      AC:  2    Str:  8    XL:     1   Next: 55%
Magic:  1/3        EV: 12    Int: 15    God:
Gold:   0          SH:  0    Dex: 13    Spells: 3/4 levels left

rFire    . . .     SeeInvis .   a - +1 dagger
rCold    . . .     Gourm    .   (no shield)
rNeg     . . .     Faith    .   b - +0 robe
rPois    .         Spirit   .   (no helmet)
rElec    .         Reflect  .   (no cloak)
rCorr    .         Harm     .   (no gloves)
MR       .....                  (no boots)
Stlth    ++........             (no amulet)
HPRegen  0.04/turn              (no ring)
MPRegen  0.08/turn              (no ring)

@: very slightly contaminated
A: no striking features
a: no special abilities


You were on level 1 of the Dungeon.
You were not hungry.

You visited 1 branch of the dungeon, and saw 1 of its levels.

Inventory:

Hand Weapons
 a - a +1 dagger (weapon)
Armour
 b - a +0 robe (worn)
Books
 c - a book of Maledictions

   Spells                             Type                      Level
   a - Corona                         Hexes                        1
   b - Ensorcelled Hibernation        Hexes/Ice                    2
   c - Confuse                        Hexes                        3
   d - Tukima's Dance                 Hexes                        3
   e - Dazzling Spray                 Conjuration/Hexes            3
Comestibles
 e - a bread ration {@e1}
 f - a royal jelly


   Skills:
 * Level 1.3 Short Blades
 - Level 2.0 Dodging
 + Level 3.1 Stealth
 - Level 2.0 Spellcasting
 - Level 3.0 Hexes


You had 3 spell levels left.
You knew the following spells:

 Your Spells              Type           Power        Failure   Level  Hunger
a - Corona                Hex            ##.....      6%          1    #......


Dungeon Overview and Level Annotations

Branches:
Dungeon (1/15)

Altars:


Message History

e - a bread ration Welcome, Goblin1989 the Human Enchanter.
It is said that the Orb of Zot exists deep within this dungeon.
Press ? for a list of commands and other information.
Found a staircase leading out of the dungeon.
Unknown command.
Okay, then.
A goblin comes into view. It is wielding a dagger.
The goblin shouts!
The goblin misses you.
Casting: Corona
Confirm with . or Enter, or press ? or * to list all spells.
Aiming: Corona
Press: ? - help, Shift-Dir - straight line, f - goblin
Aim: a goblin, wielding a dagger (chance to defeat MR: 63%)
The goblin struggles to resist.
The goblin closely misses you.
You now have 2/3 mp.
You hit the goblin.
The goblin is severely wounded.
The goblin hits you with a dagger.
You take 3 damage, and have 10/13 hp.
MASSIVE DAMAGE!!
You hit the goblin but do no damage.
The goblin is severely wounded.
The goblin hits you but does no damage.
You closely miss the goblin.
The goblin is severely wounded.
You hit the goblin.
You kill the goblin!
Unknown command.
Autopickup is now off.
You see here a royal jelly.
f - a royal jelly MP restored: 3 Unknown command.
A leopard gecko and a goblin come into view.
A goblin comes into view.
Found a stone staircase leading down.
A bat comes into view.
The helpless goblin fails to defend itself.
You puncture the goblin!
You kill the goblin!
The goblin shouts!
The leopard gecko hisses angrily.
A leopard gecko comes into view.
You closely miss the goblin. The goblin hits you.
A rat comes into view.
You take 2 damage, and have 9/13 hp.
Casting: Corona
Confirm with . or Enter, or press ? or * to list all spells.
Aiming: Corona
Press: ? - help, Shift-Dir - straight line, f - goblin
Aim: a goblin (chance to defeat MR: 63%)
The goblin is outlined in light.
The leopard gecko hisses angrily.
The bat hits you. The goblin barely misses you.
You take 1 damage, and have 8/13 hp.
You now have 2/3 mp.
You hit the goblin.
The goblin is moderately wounded.
The bat hits you but does no damage. The goblin completely misses you.
The leopard gecko hisses menacingly.
You hit the goblin.
You kill the goblin!
The bat hits you but does no damage. The leopard gecko bites you.
A rat comes into view.
You take 1 damage, and have 7/13 hp.
Unknown command.
Casting: Corona
Confirm with . or Enter, or press ? or * to list all spells.
Aiming: Corona
Press: ? - help, Shift-Dir - straight line, f - leopard gecko
Aim: a leopard gecko (chance to defeat MR: 63%)
You miscast Corona.
You are very lightly contaminated with residual magic.
Your skin glows momentarily.
The bat hits you but does no damage. The leopard gecko closely misses you.
You now have 1/3 mp.
You hit the bat.
The bat is moderately wounded.
The bat hits you but does no damage. The leopard gecko bites you.
* * * LOW HITPOINT WARNING * * *
You take 4 damage, and have 3/13 hp.
MASSIVE DAMAGE!!
The bat hits you but does no damage. The leopard gecko barely misses you.
The leopard gecko closely misses you.
Things that are here:
a club; a goblin corpse x2
The bat closely misses you. The leopard gecko closely misses you.
There is a stone staircase leading down here.
The rat barely misses you. The leopard gecko bites you.
You die...

P.♣ ██......... P♣
█)..█....█ █.█
█████.█....█ █.█
...........███ █.█
.............█ █.█
.............█ █.████
█████........█ █$...█
PP.P█....█...█ █....█
PPPP█........███@...███
..P.█.....█...llrb......
♣PPP██..............████
♣P.P█..█...██...r......
█..................█
█...................
.......██.........█
....... ..........? █...
.....█...█


You could see 2 leopard geckos, a bat and 2 rats.

Vanquished Creatures
  3 goblins (D:1)
3 creatures vanquished.

Notes
Turn   | Place    | Note
-------+----------+-------------------------------------------
     0 | D:1      | Goblin1989 the Human Enchanter began the quest for the Orb.
     0 | D:1      | Reached XP level 1. HP: 13/13 MP: 3/3
     0 | D:1      | Goblin1989: !hs * huen -log
     0 | D:1      | beem: 3101. splash, XL27 HuEn, T:152071: http://crawl.develz.org/morgues/0.10/splash/morgue-splash-20120727-171546.txt
     0 | D:1      | Goblin1989: Turns: 152071
    34 | D:1      | Slain by a leopard gecko

Vault maps used:
D:1:      minmay_arrival_arboretum_large

Action                   || total
-------------------------++-------
Melee: Dagger            ||     9
 Cast: Corona            ||     2
 Stab: Sleeping          ||     1
Armor: Robe              ||     6
Dodge: Dodged            ||    10

Table legend:
 A = Spawn XP
 B = Non-spawn XP
 C = Spawn XP percentage of total XP
 D = Spawn monster count
 E = Non-spawn monster count
 F = Spawn count percentage of total count
 G = Total turns spent on level
                    A         B        C        D         E        F      G
               +---------+---------+-------+---------+---------+-------+---------
         Total |       0 |       5 |   0.0 |       0 |       3 |   0.0 |    34
               +---------+---------+-------+---------+---------+-------+---------
           D:1 |       0 |       5 |   0.0 |       0 |       3 |   0.0 |    34
               +---------+---------+-------+---------+---------+-------+---------

Vault maps used:
D:1:      minmay_arrival_arboretum_large
